 Dungeon Crawl Stone Soup version 0.22.1-1-ga44c0e5 (webtiles) character file.

130 Zephyr the Sneak (level 4, -1/21 HPs)
             Began as a Spriggan Enchanter on Nov 3, 2018.
             Was an Initiate of Dithmenos.
             Killed from afar by an orc wizard (9 damage)
             ... with a puff of frost
             ... on level 3 of the Dungeon.
             The game lasted 00:16:20 (2079 turns).

Zephyr the Sneak (Spriggan Enchanter)               Turns: 2079, Time: 00:16:21

Health: -1/21      AC:  0    Str:  4    XL:     4   Next: 90%
Magic:  9/9        EV: 20    Int: 16    God:    Dithmenos [......]
Gold:   63         SH:  0    Dex: 17    Spells: 7/8 levels left

rFire    . . .     SeeInvis +   a - +1 dagger
rCold    . . .     Gourm    .   (shield restricted)
rNeg     . . .     Faith    .   e - -2 robe (curse)
rPois    .         Spirit   .   (helmet restricted)
rElec    .         Reflect  .   (no cloak)
rCorr    .         Harm     .   (gloves unavailable)
MR       .....                  (boots unavailable)
Stlth    +++.......             (no amulet)
HPRegen  0.07/turn              (no ring)
MPRegen  0.11/turn              (no ring)

@: very quick
A: very small, unfitting armour, see invisible, herbivore, speed 3, slow
metabolism 2
a: Renounce Religion


You were on level 3 of the Dungeon.
You worshipped Dithmenos.
Dithmenos was noncommittal.
You were not hungry.

You visited 1 branch of the dungeon, and saw 3 of its levels.

You collected 63 gold pieces.

Inventory:

Hand Weapons
 a - a +1 dagger (weapon)
 b - a +0 short sword of venom
Armour
 c - a +0 robe
 e - a cursed -2 robe (worn)
Jewellery
 i - an uncursed ring of positive energy {unknown}
Scrolls
 f - a scroll of magic mapping {unknown}
 g - 2 scrolls of immolation {unknown}
 h - a scroll of blinking
 k - a scroll of enchant armour {unknown}
 n - a scroll of fog {unknown}
Potions
 j - 2 potions of degeneration {unknown}
 l - 2 potions of haste {unknown}
 m - a potion of lignification {unknown}
Comestibles
 d - 6 rations


   Skills:
 * Level 3.7 Short Blades
 + Level 4.5 Dodging
 + Level 5.7 Stealth
 - Level 2.6 Spellcasting
 - Level 3.6 Hexes


You had 7 spell levels left.
You knew the following spells:

 Your Spells              Type           Power        Failure   Level  Hunger
a - Corona                Hex            ##.....      4%          1    #......

Your spell library contained the following spells:

 Spells                   Type           Power        Failure   Level  Hunger
 Confuse                  Hex            ##......     13%         3    ###....
 Tukima's Dance           Hex            ##......     13%         3    ###....
 Ensorcelled Hibernation  Hex/Ice        #.....       14%         2    ##.....
 Dazzling Spray           Conj/Hex       #.....       28%         3    ###....


Dungeon Overview and Level Annotations

Branches:
Dungeon (3/15)

Altars:
Dithmenos
Okawaru
Ru
Wu Jian
Xom
The Shining One


Innate Abilities, Weirdness & Mutations

You are very small and have problems with some larger weapons.
You are too small for most types of armour.
You have supernaturally acute eyesight. (SInv)
You are a herbivore.
You cover ground extremely quickly.
You need to consume almost no food.


Message History

There is a stone staircase leading down here.
You climb downwards.
There is a stone staircase leading up here.
Found a stone staircase leading up.
An orc comes into view. It is wielding a flail.
An orc and 2 orc wizards come into view.
An orc wizard is wielding a dagger of venom.
The orc shouts! x2; The orc wizard shouts! x2
An orc comes into view. It is wielding a hand axe.
The orc wizard casts a spell at you. The puff of flame misses you.
Found a spear.
The orc shouts!
You hit the orc but do no damage.
The orc wizard gestures at you while chanting.
The puff of flame hits you!
Ouch! That really hurt!
The orc wizard points at you and mumbles some strange words.
The puff of frost hits you!
You die...

..............# #......
.............#.###......
.........................
..............#.###......
..............#.# #......
..............#.###......
........?.....#.....<.###
..............#.#.....#
.......o@.....#.#.....#
..........$.....#.....#
..o.o.........#.#......
..............#.#....###
.....o..........#....#
.....o..........#....#
................#
................
.......)......#


You could see 2 orc wizards and 3 orcs.

Vanquished Creatures
  A scorpion (D:2)
  An orc wizard (D:2)
  An ooze (D:2)
  A worm (D:2)
  A dart slug (D:1)
  A leopard gecko (D:2)
  7 bats
  5 giant cockroaches
  5 goblins
  6 hobgoblins
  A ball python (D:2)
  5 frilled lizards
  7 kobolds
  7 rats
49 creatures vanquished.

Notes
Turn   | Place    | Note
-------+----------+-------------------------------------------
     0 | D:1      | Zephyr the Spriggan Enchanter began the quest for the Orb.
     0 | D:1      | Reached XP level 1. HP: 9/9 MP: 5/5
   562 | D:1      | Reached XP level 2. HP: 13/13 MP: 6/6
  1203 | D:2      | Noticed a scorpion
  1207 | D:2      | Reached skill level 5 in Stealth
  1207 | D:2      | Reached XP level 3. HP: 14/16 MP: 8/8
  1222 | D:2      | Killed a scorpion
  1222 | D:2      | Reached XP level 4. HP: 19/21 MP: 9/9
  1305 | D:2      | Found a shimmering altar of Xom.
  1410 | D:2      | Found a shadowy altar of Dithmenos.
  1410 | D:2      | Found an ornate altar of the Wu Jian Council.
  1410 | D:2      | Found a glowing golden altar of the Shining One.
  1411 | D:2      | Found an iron altar of Okawaru.
  1463 | D:2      | Found a sacrificial altar of Ru.
  1952 | D:2      | Became a worshipper of Dithmenos the Shadowed
  2079 | D:3      | Killed from afar by an orc wizard

Skill      XL: |  1  2  3 |
---------------+----------+-----
Short Blades   | 2 3 |  3.7
Stealth        | 5 |  5.7
Dodging        | 4 |  4.5
Spellcasting   | |  2.6
Hexes          | |  3.6

Action                   |  1- 3 |  4- 6 || total
-------------------------+-------+-------++-------
Melee: Short sword       |    45 |    30 ||    75
       Dagger            |    20 |    16 ||    36
  Use: Scroll            |       |     1 ||     1
 Stab: Sleeping          |    13 |    10 ||    23
       Paralysed         |       |     1 ||     1
Dodge: Dodged            |    64 |    22 ||    86
